 Dungeon Crawl Stone Soup version 0.30-a0-368-g86fb4627a9 (webtiles) character file.

Game seed: 3531321928545542997

273702 Anamonty the Warrior (level 20, -35/174 HPs)
             Began as a Barachi Hexslinger on Nov 19, 2022.
             Was the Champion of Cheibriados.
             Killed from afar by a fire giant (50 damage)
             ... with a fireball
             ... on level 1 of the Vaults.
             The game lasted 02:44:25 (37942 turns).

Anamonty the Warrior (Barachi Hexslinger)          Turns: 37942, Time: 02:44:26

Health: -35/174    AC: 12    Str: 33    XL:     20   Next: 29%
Magic:  0/34       EV: 29    Int: 20    God:    Cheibriados [******]
Gold:   2635       SH:  0    Dex: 34    Spells: 7/40 levels left

rFire   . . .      SeeInvis +    k - +8 rapier of Greatest Utility {vorpal, rN+ rCorr Str+2 Int-4}
rCold   . . .      Faith    .    (no shield)
rNeg    + . .      Spirit   +    M - +1 robe of Xawe {rPois Regen+}
rPois   +          Reflect  .    P - +0 helmet "Wuirogem" {Fly Str+2 Int-5}
rElec   .          Harm     .    x - scarf {repulsion}
rCorr   +          Rampage  .    H - +2 pair of gloves {Stlth+}
Will    +....                    (no boots)
Stlth   ++++......               U - amulet of Sezan {Spirit Regen+}
HPRegen 2.09/turn                j - +4 ring of protection
MPRegen 0.24/turn                S - ring of see invisible

@: marked, unable to hop, flying, repel missiles, very slow
A: amphibious, slowness 1, strong legs 2, +LOS
}: 2/15 runes: barnacled, gossamer
a: Hop, Renounce Religion, Bend Time, Temporal Distortion, Slouch, Step From
Time


You were on level 1 of the Vaults.
You worshipped Cheibriados.
Cheibriados was exalted by your worship.
You visited 7 branches of the dungeon, and saw 32 of its levels.
You visited the Abyss 1 time.
You also visited: Gauntlet, Ice Cave and Volcano.

You collected 3427 gold pieces.
You spent 792 gold pieces at shops.

Inventory:

Hand Weapons
 k - the +8 rapier of Greatest Utility (weapon) {vorpal, rN+ rCorr Str+2 Int-4}
   (You took it off a merfolk aquamancer on level 4 of the Shoals)

   It inflicts extra damage upon your enemies.
   Str:       It affects your strength (+2).
   Int:       It affects your intelligence (-4).
   rN:        It protects you from negative energy.
   rCorr:     It protects you from acid and corrosion.
 K - a +5 longbow of flaming
Missiles
 G - 5 throwing nets
Armour
 x - a scarf of repulsion (worn)
 H - a +2 pair of gloves of stealth (worn)
 M - the +1 robe of Xawe (worn) {rPois Regen+}
   (You found it on level 9 of the Dungeon)

   rPois:     It protects you from poison.
   Regen:     It increases your rate of health regeneration.
 P - the +0 helmet "Wuirogem" (worn) {Fly Str+2 Int-5}
   (You found it in a Gauntlet)

   Str:       It affects your strength (+2).
   Int:       It affects your intelligence (-5).
   Fly:       It grants you flight.
Jewellery
 g - a +4 ring of slaying
 i - an amulet of faith
 j - a +4 ring of protection (left hand)
 J - an amulet of the acrobat
 R - a ring of protection from fire
 S - a ring of see invisible (right hand)
 U - the amulet of Sezan (around neck) {Spirit Regen+}
   (You found it on level 5 of the Lair of Beasts)

   [amulet of guardian spirit]

   It causes incoming damage to be divided between your reserves of health and
   magic.
   Regen:     It increases your rate of health regeneration.
 X - a +6 ring of intelligence
 Y - a +4 ring of slaying
 Z - a +4 ring of evasion
Wands
 m - a wand of digging (6)
 o - a wand of mindburst (10)
 w - a wand of polymorph (23)
 E - a wand of roots (7) (quivered)
 F - a wand of paralysis (23)
 N - a wand of flame (40)
Scrolls
 a - 9 scrolls of amnesia
 b - 8 scrolls of poison
 c - 3 scrolls of blinking
 e - 2 scrolls of brand weapon
 p - 11 scrolls of teleportation
 q - 3 scrolls of magic mapping
 u - 5 scrolls of silence
 v - 3 scrolls of immolation
 y - 5 scrolls of enchant armour
 A - a scroll of fog
 I - 6 scrolls of fear
 O - 2 scrolls of vulnerability
 Q - 4 scrolls of noise
Potions
 d - 2 potions of magic
 f - 5 potions of flight
 h - 4 potions of might
 l - 5 potions of haste
 n - 5 potions of cancellation
 s - 5 potions of lignification
 t - 5 potions of attraction
 z - 5 potions of ambrosia
 B - 9 potions of heal wounds
 C - 3 potions of brilliance
 D - 2 potions of berserk rage
 L - 12 potions of curing
 T - a potion of invisibility
 V - 4 potions of resistance
 W - 3 potions of mutation
Miscellaneous
 r - a phial of floods


   Skills:
 * Level 19.1 Fighting
 * Level 16.3 Ranged Weapons
 + Level 6.8 Armour
 + Level 13.0 Dodging
 + Level 10.5 Spellcasting
 * Level 7.7 Conjurations
 + Level 12.8 Hexes
 * Level 9.1 Summonings
 + Level 13.7 Translocations
 + Level 10.1 Invocations
 + Level 9.5 Evocations


You had 7 spell levels left.
You knew the following spells:

 Your Spells              Type           Power      Damage    Failure   Level
a - Slow                  Hex            100%       N/A       1%          1
b - Inner Flame           Hex/Fire       36%        N/A       1%          3
c - Portal Projectile     Hex/Tloc       100%       N/A       1%          3
d - Summon Small Mammal   Summ           100%       N/A       1%          1
e - Cause Fear            Hex            29%        N/A       1%          4
f - Blink                 Tloc           100%       N/A       1%          2
g - Momentum Strike       Conj/Tloc      100%       3d10      1%          2
h - Gell's Gravitas       Tloc           60%        N/A       1%          3
i - Dispersal             Tloc           30%        N/A       3%          6
j - Summon Guardian Gole  Hex/Summ       53%        N/A       1%          3
k - Yara's Violent Unrav  Hex/Tmut       18%        3d9       13%         5

Your spell library contained the following spells:

 Spells                   Type           Power      Damage    Failure   Level
 Apportation              Tloc           100%       N/A       1%          1
 Magic Dart               Conj           100%       1d8       1%          1
 Shock                    Conj/Air       100%       1d9       1%          1
 Searing Ray              Conj           82%        2d7       1%          2
 Static Discharge         Conj/Air       52%        2-5/arc   1%          2
 Call Canine Familiar     Summ           47%        N/A       1%          3
 Dazzling Flash           Conj/Hex       100%       N/A       1%          3
 Lesser Beckoning         Tloc           100%       N/A       1%          3
 Teleport Other           Tloc           60%        N/A       1%          3
 Fulminant Prism          Conj/Hex       25%        3d13      1%          4
 Hailstorm                Conj/Ice       26%        3d7       4%          3
 Leda's Liquefaction      Hex/Erth       18%        N/A       4%          4
 Necrotise                Necr           40%        1d6       7%          1
 Iskenderun's Battlesphe  Conj           41%        2d9       8%          5
 Cigotuvi's Dreadful Rot  Necr/Pois/Air  20%        N/A       10%         2
 Summon Lightning Spire   Summ/Air       28%        N/A       10%         4
 Flame Wave               Conj/Fire      26%        2d8       13%         4
 Sticky Flame             Conj/Fire      26%        2d5       13%         4
 Metabolic Englaciation   Hex/Ice        18%        N/A       13%         5
 Ignite Poison            Fire/Tmut/Pois 10%        N/A       21%         3
 Swiftness                Air            10%        N/A       21%         3
 Enfeeble                 Hex            29%        N/A       28%         7
 Airstrike                Air            5%         2d(1-17)  54%         4
 Dispel Undead            Necr           10%        3d9       54%         4
 Ice Form                 Ice/Tmut       10%        N/A       54%         4
 Petrify                  Tmut/Erth      10%        N/A       54%         4
 Freezing Cloud           Conj/Ice/Air   10%        6-21      54%         5
 Spellforged Servitor     Conj/Summ      22%        N/A       86%         7
 Alistair's Intoxication  Tmut/Pois      6%         N/A       88%         5
 Conjure Ball Lightning   Conj/Air       13%        3x3d6     90%         6
 Orb of Destruction       Conj           20%        9d8       92%         7
 Death Channel            Necr           5%         N/A       100%        6
 Simulacrum               Ice/Necr       5%         N/A       100%        6
 Statue Form              Tmut/Erth      6%         N/A       100%        6
 Storm Form               Tmut/Air       5%         N/A       100%        7
 Disjunction              Tloc           30%        N/A       83%         8
 Discord                  Hex            29%        N/A       91%         8
 Ignition                 Fire           5%         3d4       100%        8
 Maxwell's Capacitive Co  Air            5%         ∞         100%        8


Dungeon Overview and Level Annotations

Branches:
Dungeon (15/15)            Temple (1/1) D:5            Lair (5/5) D:11
 Shoals (4/4) Lair:3       Spider (4/4) Lair:2        Slime (0/5) Lair:4
    Orc (2/2) D:12            Elf (0/3) Orc:2        Vaults (1/5) D:14
 Depths (0/4) D:15          IceCv (visited)         Volcano (visited)
Gauntlet (visited)

Altars:
Ashenzari
Cheibriados
Dithmenos
Elyvilon
Fedhas
Gozag
Hepliaklqana
Kikubaaqudgha
Makhleb
Nemelex Xobeh
Okawaru
Qazlal
Ru
Sif Muna
Trog
Uskayaw
Vehumet
Wu Jian
Xom
Yredelemnul
Zin
The Shining One
Jiyva

Shops:
D:4 *   D:10 :   D:13 (   Orc:2 !(![(   Shoals:2 [

Annotations:
D:6 3 runed translucent doors, Essalna's ghost, novice TeAE
D:14 3 runed translucent doors, flt's ghost, journeyman DgTm
Lair:1 2 transporters, Caupn's ghost, journeyman MiFi


Innate Abilities, Weirdness & Mutations

You are amphibious.
You cover ground slowly.
You can hop long distances.
You have an extended range of vision and can be seen from far away.


Message History

The fire giant is heavily wounded.
The fire giant hits you with a +2 great sword of flaming!
The fire giant burns you.
You hit the fire giant.
The fire giant is heavily wounded.
The fire giant barely misses you.
You hit the fire giant but do no damage.
The fire giant is heavily wounded.
The fire giant hits you with a +2 great sword of flaming!
The fire giant burns you! The fire giant casts a spell at you.
The fireball explodes!
The fireball engulfs you!
The fireball engulfs the fire giant!
The fire giant resists.
You hit the fire giant.
The fire giant is severely wounded.
The fire giant points at you and mumbles some strange words.
The fireball explodes!
The fireball engulfs you!
The fireball engulfs the fire giant!
The fire giant resists.
You puncture the fire giant!
The fire giant is almost dead.
The fire giant hits you with a +2 great sword of flaming!!!
The fire giant burns you!!
* * * LOW HITPOINT WARNING * * *
Hop to where?
Press: ? - help, Dir - move target, p - fire giant Boing!
The fire giant gestures at you while chanting.
The fireball explodes!
The fireball engulfs you!!!
* * * LOW HITPOINT WARNING * * *
You don't have enough magic at the moment.
Unknown command.
Aiming: Fastroot
Press: ? - help, Q - select action, (/) - cycle Shift-Dir - straight line, f - fire giant
Aim: a fire giant, wielding a +2 great sword of flaming (almost dead)
The roots erupt in riotous growth!
Roots grab the fire giant.
The grasping roots constrict the fire giant!
The fire giant gestures at you while chanting.
The fireball explodes!
The fireball engulfs you!!!
You die...

..........#.......#.#.#.......#..
..........#...#.###.#.#####...#..
..........#...#.#(#...#...#...#..
#######..>#...###.#...#.###...#..
#######...#...#..[#...#...#)..#..
......#...#...###.#...#.###...#..
###...'...#.........○C........#..
##.#.)'...#..................)#..
#...#.#...#.....@.............#..
...##.#)..#####################..
..###.#.)).......................
.###..#..........................
###.>.#..........................
# #...#..........................
####+##.........................)
.................................
.................................


You could see a fire giant (rooted).

Vanquished Creatures
  Nikola (Spider:4)
  Arachne (Spider:4)
  Rupert (D:14)
  A quicksilver dragon (Abyss:3)
  3 krakens
  Frances (Spider:1)
  Gastronok (D:10)
  A storm dragon (Shoals:4)
  Ilsuiw (Shoals:3)
  Louise (Shoals:3)
  7 emperor scorpions
  3 vault wardens (Vaults:1)
  Aizul (Spider:3)
  An orc warlord (Vaults:1)
  6 ghost moths
  2 ironbound preservers (Vaults:1)
  2 very ugly things (Vaults:1)
  2 ironbound thunderhulks (Vaults:1)
  8 dire elephants
  Nessos (D:12)
  Azrael (D:15)
  A minotaur (Gauntlet)
  A red draconian (Volcano)
  4 spark wasps
  4 merfolk javelineers
  A blizzard demon (Abyss:3)
  11 merfolk impalers
  A yaktaur captain (Vaults:1)
  7 entropy weavers
  Fannar (D:10)
  A hell beast (Gauntlet)
  An ogre mage (Volcano)
  A vault guard (D:14)
  4 hydras
  3 jorogumos
  A centaur warrior (D:14)
  2 ice dragons (IceCv)
  8 merfolk avatars
  An ironbound frostheart (Vaults:1)
  7 two-headed ogres
  2 catoblepae
  An alligator snapping turtle (Shoals:3)
  2 radroaches (Spider:4)
  5 merfolk aquamancers (Shoals:4)
  8 boulder beetles
  3 tengu warriors (D:15)
  Sonja (D:11)
  3 orc high priests
  A soul eater (Abyss:3)
  2 wretched stars
  A sixfirhy (Abyss:3)
  5 pharaoh ants
  2 sun moths
  3 skeletal warriors (D:14)
  11 sea snakes
  8 steelbarb worms
  A glowing orange brain (Vaults:1)
  11 deep trolls (Vaults:1)
  16 orb spiders
  3 starcursed masses
  4 wizards
  6 orc knights
  2 ironbound convokers (Vaults:1)
  3 deep elf pyromancers
  A lindwurm (Lair:5)
  11 harpies
  30 ugly things
  23 wolf spiders
  4 orc sorcerers (Orc:2)
  A will-o-the-wisp (Abyss:3)
  7 cyclopes
  4 fauns (Shoals:1)
  7 moths of wrath
  15 elephants
  15 manticores
  13 water nymphs
  A guardian serpent (shapeshifter) (D:15)
  6 torpor snails
  12 merfolk sirens
  2 vault sentinels (Vaults:1)
  Joseph (D:7)
  A molten gargoyle (Gauntlet)
  6 black mambas
  A dire elephant zombie (Abyss:3)
  4 gargoyles
  2 smoke demons (Abyss:3)
  10 cane toads
  An ice statue (Spider:3)
  A storm dragon simulacrum (IceCv)
  6 rime drakes
  2 unseen horrors
  9 demonic crawlers
  15 komodo dragons
  17 yaktaurs
  A freezing wraith (Abyss:3)
  2 tengu conjurers (D:14)
  A golden dragon simulacrum (IceCv)
  An ancient zyme (Abyss:3)
  24 merfolk
  3 meliai (Spider:4)
  15 trolls
  7 polar bears
  11 wind drakes
  Prince Ribbit (D:5)
  17 blink frogs
  3 hornets
  7 raiju
  31 tarantellas
  A raiju (shapeshifter) (D:13)
  12 slime creatures
  11 dream sheep
  9 snapping turtles
  31 jumping spiders
  A culicivora (shapeshifter) (D:14)
  25 culicivoras
  2 air elementals (Shoals:4)
  2 ynoxinuls (Abyss:3)
  A shadow (D:12)
  3 vampires
  3 fire elementals
  54 yaks
  2 wraiths
  3 wyverns
  4 large abominations
  A steam dragon (Lair:5)
  2 basilisks
  A chaos spawn (Abyss:3)
  11 water elementals
  69 redbacks
  7 vampire mosquitoes (D:11)
  2 acid dragons (D:11)
  16 water moccasins
  9 hell hounds
  2 sky beasts
  43 orc warriors
  4 black bears
  2 ice beasts
  4 ogres
  3 ice dragon simulacra (IceCv)
  2 centaurs
  12 wolves (Lair:2)
  4 phantoms
  2 kobold brigands
  5 small abominations (Abyss:3)
  18 bullfrogs
  A gnoll sergeant (D:5)
  A scorpion (D:6)
  16 wights
  3 lindwurm simulacra (IceCv)
  6 killer bees
  5 electric eels
  2 howler monkeys
  7 crimson imps (D:12)
  5 jellies
  A gnoll bouda (D:6)
  34 orc priests
  4 hounds
  Jessica (D:2)
  Terence (D:2)
  7 iguanas
  37 orc wizards
  14 gnolls
  10 adders
  2 shadow imps
  5 white imps
  2 ufetubi
  A worm (D:3)
  6 dart slugs
  102 orcs
  4 ball pythons
  5 endoplasms
  2 giant cockroaches (D:2)
  7 goblins
  9 hobgoblins
  10 jackals
  15 kobolds
  3 quokkas (D:1)
  5 bats
  A frilled lizard (D:3)
  6 rats
1285 creatures vanquished.

Vanquished Creatures (others)
  An emperor scorpion (Spider:4)
  A very ugly thing (Vaults:1)
  An ironbound preserver (Vaults:1)
  A dire elephant (Vaults:1)
  2 merfolk impalers
  An ice dragon (IceCv)
  A jorogumo (Spider:4)
  A merfolk aquamancer (Shoals:4)
  A deep troll (Vaults:1)
  A pharaoh ant (Spider:4)
  A sea snake (Shoals:4)
  An orc knight (Vaults:1)
  A harpy (Shoals:1)
  2 ugly things (Vaults:1)
  2 manticores
  2 water nymphs (Shoals:4)
  A storm dragon simulacrum (IceCv)
  A demonic crawler (Spider:4)
  A golden dragon simulacrum (IceCv)
  2 merfolk
  4 meliai (Spider:4)
  2 wind drakes (Shoals:4)
  A jumping spider (Spider:4)
  4 water elementals (Shoals:4)
  A redback (Spider:4)
  An ice dragon simulacrum (IceCv)
  A lindwurm simulacrum (IceCv)
  An orc wizard (D:6)
  A bush (Lair:5)
  3 demonic plants (Gauntlet)
  4 foxfires (Abyss:3)
  49 fungi
  132 plants
  41 tentacles
270 creatures vanquished.

Grand Total: 1555 creatures vanquished

Notes
Turn   | Place    | Note
-------+----------+-------------------------------------------
     0 | D:1      | Anamonty the Barachi Hexslinger began the quest for the
                  | Orb.
     0 | D:1      | Reached XP level 1. HP: 15/15 MP: 2/2
   102 | D:1      | Reached XP level 2. HP: 22/22 MP: 3/3
   171 | D:1      | Reached skill level 2 in Fighting
   440 | D:1      | Reached XP level 3. HP: 18/28 MP: 4/4
   623 | D:2      | Found a stormy altar of Qazlal.
   704 | D:2      | Noticed Terence
   733 | D:2      | Killed Terence
   734 | D:2      | Reached skill level 3 in Fighting
   734 | D:2      | Reached XP level 4. HP: 31/35 MP: 5/5
   804 | D:2      | Found a faded altar of an unknown god.
   844 | D:2      | Noticed Jessica
   878 | D:2      | Killed Jessica
  1022 | D:2      | Reached XP level 5. HP: 41/41 MP: 6/6
  1416 | D:3      | Reached skill level 4 in Fighting
  1485 | D:3      | Identified the +7 quarterstaff of Wirpheli {protect, rElec
                  | Int+3 Stlth+}
  1506 | D:3      | Reached XP level 6. HP: 40/48 MP: 7/7
  2043 | D:4      | Found Qebamiqu's Assorted Antiques.
  2050 | D:4      | Bought a scroll labelled BIRYHA EHITURPH for 26 gold pieces
  2050 | D:4      | Bought a blackened fluorescent wand for 104 gold pieces
  2327 | D:4      | Noticed a black bear
  2350 | D:4      | Killed a black bear
  2351 | D:4      | Reached skill level 5 in Fighting
  2351 | D:4      | Reached XP level 7. HP: 56/56 MP: 8/8
  2662 | D:4      | Reached skill level 5 in Ranged Weapons
  2870 | D:4      | Reached skill level 6 in Fighting
  2906 | D:4      | Reached XP level 8. HP: 55/64 MP: 9/9
  2934 | D:5      | Entered Level 5 of the Dungeon
  2949 | D:5      | Found a staircase to the Ecumenical Temple.
  2983 | D:5      | Reached skill level 5 in Hexes
  3002 | Temple   | Entered the Ecumenical Temple
  3031 | Temple   | Became a worshipper of Cheibriados the Contemplative
  3217 | D:5      | Noticed Prince Ribbit
  3268 | D:6      | Reached skill level 7 in Fighting
  3269 | D:6      | Found a shadowy altar of Dithmenos.
  3274 | D:6      | Learned a level 3 spell: Inner Flame
  3350 | D:6      | Reached skill level 5 in Dodging
  3624 | D:5      | Reached XP level 9. HP: 74/74 MP: 10/10
  3666 | D:5      | Reached skill level 8 in Fighting
  3676 | D:5      | Reached * piety under Cheibriados
  3708 | D:5      | Found a glowing silver altar of Zin.
  3732 | D:5      | Found a sparkling altar of Nemelex Xobeh.
  3739 | D:5      | Found a blossoming altar of Fedhas.
  3892 | D:5      | Found an ornate altar of the Wu Jian Council.
  3900 | D:5      | Learned a level 3 spell: Portal Projectile
  4272 | D:5      | Killed Prince Ribbit
  4388 | D:6      | Noticed Essalna's ghost (novice TeAE)
  4395 | D:6      | Found a runed translucent gate.
  4395 | D:6      | Found a runed translucent gate.
  4410 | D:6      | Found a runed translucent gate.
  4806 | D:7      | Reached skill level 9 in Fighting
  4965 | D:7      | Reached ** piety under Cheibriados
  5073 | D:7      | Noticed Joseph
  5089 | D:7      | Killed Joseph
  5090 | D:7      | Reached XP level 10. HP: 83/83 MP: 11/13
  5094 | D:7      | Learned a level 1 spell: Summon Small Mammal
  5447 | D:7      | Found a bloodstained altar of Trog.
  5447 | D:7      | Found a radiant altar of Vehumet.
  5509 | D:7      | Learned a level 4 spell: Cause Fear
  5888 | D:8      | Reached skill level 10 in Fighting
  6141 | D:8      | Reached *** piety under Cheibriados
  6354 | D:8      | Identified the +1 war axe of the Wolf {flame, Int+4 Dex+3}
  6831 | D:9      | Reached skill level 1 in Translocations
  7338 | D:9      | Identified the +1 robe of Xawe {rPois Regen+}
  7484 | D:10     | Entered Level 10 of the Dungeon
  7538 | D:10     | Noticed Gastronok
  7551 | D:10     | Killed Gastronok
  7552 | D:10     | Reached skill level 11 in Fighting
  7552 | D:10     | Reached XP level 11. HP: 93/93 MP: 7/17
  7893 | D:10     | Reached **** piety under Cheibriados
  7962 | D:10     | Noticed Fannar
  8045 | D:10     | Killed Fannar
  8094 | D:10     | Found Gaufumet's Book Shoppe.
  8571 | D:10     | Learned a level 2 spell: Blink
  8574 | D:10     | Learned a level 2 spell: Momentum Strike
  8600 | D:11     | Noticed Sonja
  8607 | D:11     | Found a staircase to the Lair.
  8608 | D:11     | Noticed a manticore
  8739 | D:11     | Reached skill level 10 in Ranged Weapons
  8946 | D:11     | Killed a manticore
  8947 | D:11     | Reached skill level 1 in Armour
  9055 | D:11     | Killed Sonja
  9290 | D:11     | Reached skill level 12 in Fighting
  9290 | D:11     | Reached skill level 5 in Spellcasting
  9369 | D:11     | Reached ***** piety under Cheibriados
  9425 | D:11     | Reached XP level 12. HP: 95/102 MP: 12/19
  9638 | D:11     | Noticed a boulder beetle
  9651 | D:11     | Reached skill level 1 in Invocations
  9875 | D:11     | Killed a boulder beetle
 10172 | D:12     | Noticed Nessos
 10195 | D:12     | Killed Nessos
 10277 | Lair:1   | Entered Level 1 of the Lair of Beasts
 10640 | Lair:1   | Reached skill level 5 in Translocations
 10717 | Lair:1   | Found a transporter.
 10717 | Lair:1   | Noticed a boulder beetle
 10727 | Lair:1   | Reached skill level 13 in Fighting
 10746 | Lair:1   | Killed a boulder beetle
 10890 | Lair:1   | Found a bloodstained altar of Trog.
 10900 | Lair:1   | Found a transporter.
 10901 | Lair:1   | Noticed Caupn's ghost (journeyman MiFi)
 11199 | Lair:2   | Gained mutation: You can hop long distances. [Barachi
                  | growth]
 11199 | Lair:2   | Reached XP level 13. HP: 111/111 MP: 14/22
 11203 | Lair:2   | Reached skill level 1 in Evocations
 11608 | Lair:2   | Found a hole to the Spider Nest.
 11794 | Lair:2   | Reached skill level 5 in Armour
 12305 | Lair:2   | Learned a level 3 spell: Gell's Gravitas
 12375 | Lair:3   | Reached ****** piety under Cheibriados
 12668 | Lair:3   | Found a staircase to the Shoals.
 13454 | Lair:4   | Found a viscous altar of Jiyva.
 13455 | Lair:4   | Found a staircase to the Slime Pits.
 13511 | Lair:4   | Reached skill level 5 in Invocations
 13886 | Lair:4   | Reached skill level 14 in Fighting
 14065 | Lair:5   | Entered Level 5 of the Lair of Beasts
 14180 | Lair:4   | Reached XP level 14. HP: 117/120 MP: 20/24
 14633 | Lair:5   | Reached skill level 10 in Hexes
 14751 | Lair:5   | Identified the amulet of Sezan {Spirit Regen+}
 15718 | D:12     | Found a staircase to the Orcish Mines.
 15995 | D:12     | Reached skill level 10 in Dodging
 16082 | D:12     | You fall into a shaft and drop 3 floors!
 16082 | D:15     | Entered Level 15 of the Dungeon
 16099 | D:15     | Found a gate leading to a gauntlet.
 16104 | Gauntlet | Entered a Gauntlet
 16104 | Gauntlet | Found a transporter.
 16104 | Gauntlet | Found a transporter.
 16105 | Gauntlet | Found a transporter.
 16107 | Gauntlet | Found a transporter.
 16107 | Gauntlet | Found a transporter.
 16108 | Gauntlet | Found a transporter.
 16118 | Gauntlet | Found a transporter.
 16120 | Gauntlet | Found a transporter.
 16122 | Gauntlet | Found a transporter.
 16122 | Gauntlet | Found a transporter.
 16160 | Gauntlet | Identified the +0 robe "Coal" {rF+ Str+4}
 16374 | Gauntlet | Identified the +0 robe of Ulig {rElec rC+}
 16392 | Gauntlet | Identified the +0 helmet "Wuirogem" {Fly Str+2 Int-5}
 16403 | Gauntlet | Found a transporter.
 16551 | Gauntlet | Reached skill level 15 in Fighting
 16731 | D:15     | Reached XP level 15. HP: 111/121 MP: 16/26
 16973 | D:13     | Found Hosaolo's Weapon Boutique.
 17771 | D:13     | Reached skill level 5 in Evocations
 18089 | D:14     | Found a gate to the Vaults.
 18248 | D:14     | Reached skill level 1 in Summonings
 18358 | D:14     | Noticed Rupert
 18371 | D:14     | Killed Rupert
 18527 | D:14     | Found a runed translucent gate.
 18527 | D:14     | Found a runed translucent gate.
 18527 | D:14     | Found a runed translucent gate.
 18528 | D:14     | Noticed an acid blob
 18528 | D:14     | Noticed flt's ghost (journeyman DgTm)
 18530 | D:14     | Found a viscous altar of Jiyva.
 19633 | D:15     | Noticed an emperor scorpion
 19635 | D:15     | Found a staircase to the Depths.
 19710 | D:15     | Noticed Azrael
 19716 | D:15     | Killed Azrael
 20136 | D:15     | Killed an emperor scorpion
 20287 | D:15     | Reached XP level 16. HP: 90/138 MP: 2/28
 20546 | Orc:1    | Entered Level 1 of the Orcish Mines
 20645 | Orc:2    | Entered Level 2 of the Orcish Mines
 20645 | Orc:2    | Found a staircase to the Elven Halls.
 20771 | Orc:2    | Reached skill level 10 in Translocations
 20777 | Orc:2    | Reached skill level 16 in Fighting
 20839 | Orc:2    | Found a dark tunnel.
 20901 | Volcano  | Entered a volcano
 21241 | Orc:2    | Found Leeg's Weapon Boutique.
 21241 | Orc:2    | Found Taereoc Xatz's Antique Armour Shop.
 21241 | Orc:2    | Found Faneisit's Distillery.
 21246 | Orc:2    | Found Rovveun's Distillery.
 21250 | Orc:2    | Bought an ancient leather armour for 182 gold pieces
 21250 | Orc:2    | Identified the +0 leather armour of Fortitude {Harm rN+}
                  | (You bought it in a shop on level 2 of the Orcish Mines)
 21253 | Orc:2    | Bought a potion of invisibility for 120 gold pieces
 21253 | Orc:2    | Bought a potion of resistance for 150 gold pieces
 21253 | Orc:2    | Bought a potion of mutation for 120 gold pieces
 21253 | Orc:2    | Bought 2 potions of curing for 90 gold pieces
 21313 | Orc:2    | Found Muelich's Weapon Boutique.
 22331 | Spider:1 | Entered Level 1 of the Spider Nest
 22968 | Spider:1 | Learned a level 6 spell: Dispersal
 23413 | Spider:1 | Noticed Frances
 23427 | Spider:1 | Killed Frances
 24435 | Spider:2 | Reached XP level 17. HP: 146/146 MP: 30/30
 24491 | Spider:2 | Reached skill level 5 in Summonings
 24902 | Spider:2 | Reached skill level 1 in Conjurations
 25347 | Spider:3 | Noticed Aizul
 25350 | Spider:3 | Reached skill level 17 in Fighting
 25362 | Spider:3 | Killed Aizul
 25468 | Spider:3 | Found a frozen archway.
 25511 | IceCv    | Entered an ice cave
 25608 | IceCv    | Learned a level 3 spell: Summon Guardian Golem
 27558 | Spider:4 | Entered Level 4 of the Spider Nest
 27634 | Spider:4 | Noticed Arachne
 27644 | Spider:4 | Reached skill level 15 in Ranged Weapons
 27808 | Spider:4 | Killed Arachne
 28328 | Spider:4 | Reached XP level 18. HP: 155/155 MP: 31/31
 29380 | Spider:4 | Noticed Nikola
 29400 | Spider:4 | Killed Nikola
 29491 | Spider:4 | Paralysed by a jorogumo for 1 turns
 30081 | Spider:4 | Got a gossamer rune of Zot
 30320 | Shoals:1 | Entered Level 1 of the Shoals
 30662 | Shoals:1 | Identified a scroll of acquirement
 30664 | Shoals:1 | Acquired the Precepts of Striking
 30699 | Shoals:1 | Reached skill level 18 in Fighting
 31265 | Shoals:1 | Found an ornate altar of the Wu Jian Council.
 31789 | Shoals:2 | Found Luturid's Antique Armour Shoppe.
 32324 | Shoals:2 | Learned a level 5 spell: Yara's Violent Unravelling
 32462 | Shoals:3 | Reached skill level 10 in Spellcasting
 32581 | Shoals:3 | Noticed Louise
 32601 | Shoals:3 | Killed Louise
 32716 | Shoals:3 | Noticed Ilsuiw
 32718 | Shoals:3 | Reached skill level 5 in Conjurations
 32985 | Shoals:3 | Killed Ilsuiw
 33119 | Shoals:3 | Reached XP level 19. HP: 160/163 MP: 17/33
 33743 | Shoals:4 | Entered Level 4 of the Shoals
 33995 | Shoals:4 | Identified the +10 sling "Dyseitrox" {freeze, Str+8}
 34175 | Shoals:4 | Paralysed by an air elemental for 1 turns
 34755 | Shoals:4 | Identified the +8 rapier of Greatest Utility {vorpal, rN+
                  | rCorr Str+2 Int-4}
 35021 | Shoals:4 | Got a barnacled rune of Zot
 35454 | Vaults:1 | Entered Level 1 of the Vaults
 36409 | Vaults:1 | Identified the +2 cloak "Cofrocke" {Harm rElec Int+4}
 36738 | Vaults:1 | Reached skill level 10 in Invocations
 36895 | Vaults:1 | Reached XP level 20. HP: 102/172 MP: 17/34
 36948 | Vaults:1 | Reached skill level 19 in Fighting
 37355 | Abyss:2  | Cast into level 2 of the Abyss (a wizard)
 37662 | Abyss:3  | Found a corrupted altar of Lugonu.
 37871 | Vaults:1 | Escaped the Abyss
 37892 | Vaults:1 | Paralysed by a vault sentinel for 4 turns
 37942 | Vaults:1 | Killed from afar by a fire giant

Illustrated notes

Levels and vault maps discovered:
D:1:      wander_arrival_desolate, layout_basic
D:2:      layout_basic, basic_altar,
          dreamdust_ecumenical_altar_angels_and_demons, uniq_terence,
          uniq_jessica
D:3:      layout_basic, serial_bayou_pond_b
D:4:      layout_gridville, serial_shops, nicolae_stop_n_shop_2
D:5:      layout_loops_cross, lemuel_tele_altar,
          mainiacjoe_overflow_cross_hatched, amethyst_overflow_temple_binary,
          minmay_temple_entry_wispy, chequers_serial_rivers_micro_b,
          uniq_prince_ribbit1
D:6:      layout_loops_ring, nicolae_dithmenos_through_a_glass_darkly,
          gammafunk_ghost_split
D:7:      layout_cave_pools, gammafunk_temple_overflow_wave, uniq_joseph
D:8:      layout_basic
D:9:      layout_irregular_city, patterned_corridor
D:10:     layout_gridville, serial_shops, shop, uniq_fannar, uniq_gastronok
D:11:     lemuel_troll_bridge, layout_gridville, uniq_sonja
D:12:     layout_roguey, erik_orc_3, minmay_nine_imps, uniq_nessos
D:13:     layout_gridville, serial_shops, nicolae_stop_n_shop_1
D:14:     layout_irregular_city, david_vaults_5, solitary_fountain,
          gammafunk_ghost_ooze, uniq_rupert
D:15:     hangedman_depths_entry_try_elsewhere_first, layout_long_grid,
          special_room [special_room_orc], hangedman_decor_cross_pass,
          gauntlet_entry_generic, uniq_azrael
Temple:   hellmonk_temple_two_chambers
Lair:1:   layout_chaotic_city, gammafunk_ghost_wrathful_warriors,
          grunt_megastairs_3, infiniplex_staircase_pool
Lair:2:   layout_small_grid, spider_nest_entry_webs, nzn_sisyphean_effort
Lair:3:   layout_gridlike, elwin_shoals_entry_stream
Lair:4:   layout_loops_ring, slime_entry_1, serial_bayou_lagoon_a,
          minmay_shattered_shrine
Lair:5:   gammafunk_lair_ancient_temple, layout_regular_city
Shoals:1: layout_shoals, wheals_shoals_ruined_temple
Shoals:2: layout_shoals, nicolae_shoals_c_island
Shoals:3: layout_shoals, uniq_louise, uniq_ilsuiw
Shoals:4: shoals_end_hellmonk_storm_palace [storm_palace_center_circular,
          storm_palace_corner_pillars, storm_palace_corner_narrow,
          storm_palace_corner_narrow, storm_palace_corner_pillars]
Spider:1: layout_spider_delve, nicolae_spider_bzzzt, uniq_frances
Spider:2: layout_spider_delve
Spider:3: layout_spider_delve, portal_ice_cave_entry_ice_statue_one,
          nicolae_spider_cling_halls, uniq_aizul
Spider:4: johnstein_spider_rune_arachne_lair, uniq_nikola
Orc:1:    layout_diamond_mine
Orc:2:    st_orc_mages, layout_diamond_mine, enter_volcano_3, serial_shops,
          nicolae_shop_bloodbath_and_beyond, basic_altar, mines3_lemuel
Vaults:1: nicolae_vaults_network_quincunx
          [nicolae_vaults_network_quincunx_subvault,
          nicolae_vaults_network_quincunx_subvault,
          nicolae_vaults_network_quincunx_subvault,
          nicolae_vaults_network_quincunx_subvault,
          nicolae_vaults_network_quincunx_subvault],
          vaults_room_grunt_arrival_ludios, vaults_dpeg_cross,
          nicolae_vaults_three_branches, special_room_vaults [special_room_orc],
          ontoclasm_vaults_chip, layout_vaults_omnigrid

Skill      XL: |  1  2  3  4  5  6  7  8  9 10 11 12 13 14 15 16 17 18 19 20 |
---------------+-------------------------------------------------------------+-----
Fighting       | 2 3 4 5 6 7 9 11 12 13 14 15 16 17 18 19 | 19.1
Ranged Weapons | 3 4 5 6 8 9 10 11 12 13 14 15 16 | 16.3
Dodging        | 3 4 5 6 7 8 9 10 11 12 13 | 13.0
Hexes          | 4 5 6 7 8 9 10 11 12 | 12.8
Spellcasting   | 2 4 5 6 7 8 9 10 | 10.5
Translocations | 2 4 5 6 8 9 11 12 13 | 13.7
Armour         | 2 4 5 6 |  6.8
Invocations    | 3 5 6 8 9 10 | 10.1
Evocations     | 3 4 5 6 7 8 9 |  9.5
Summonings     | 2 4 6 7 8 9 |  9.1
Conjurations   | 3 5 7 |  7.7

Action                   |  1- 3 |  4- 6 |  7- 9 | 10-12 | 13-15 | 16-18 | 19-21 || total
-------------------------+-------+-------+-------+-------+-------+-------+-------++-------
Melee: Quarterstaff      |    21 |    72 |   214 |    48 |    18 |   146 |    10 ||   529
       War axe           |       |       |       |     4 |    11 |       |       ||    15
       Punch             |       |       |       |     1 |     1 |       |     1 ||     3
       Staff             |       |       |       |       |     6 |       |       ||     6
       Longbow           |       |       |       |       |       |     2 |       ||     2
       Rapier            |       |       |       |       |       |       |    30 ||    30
 Fire: Sling             |    78 |    71 |   118 |   231 |       |       |    28 ||   526
       Longbow           |       |       |       |    58 |   831 |  1500 |   766 ||  3155
 Cast: Slow              |     1 |     8 |     2 |     4 |     1 |       |       ||    16
       Inner Flame       |       |       |     2 |    67 |    38 |    26 |     8 ||   141
       Summon Small Mamm |       |       |       |    56 |    37 |     6 |       ||    99
       Cause Fear        |       |       |       |    11 |    16 |     8 |       ||    35
       Portal Projectile |       |       |       |     8 |     4 |     8 |     4 ||    24
       Momentum Strike   |       |       |       |     4 |     3 |     3 |     2 ||    12
       Blink             |       |       |       |     6 |    41 |    23 |     6 ||    76
       Gell's Gravitas   |       |       |       |       |    12 |     3 |     1 ||    16
       Dispersal         |       |       |       |       |       |    20 |     4 ||    24
       Summon Guardian G |       |       |       |       |       |    40 |    40 ||    80
       Yara's Violent Un |       |       |       |       |       |       |     2 ||     2
Invok: Slouch            |       |       |       |     2 |    12 |    33 |     4 ||    51
       Step From Time    |       |       |       |       |       |     1 |       ||     1
       Temporal Distorti |       |       |       |       |       |     1 |       ||     1
 Abil: Hop               |     2 |     2 |     3 |    19 |    26 |    28 |    11 ||    91
Evoke: Wand              |       |       |       |    15 |     2 |    10 |     1 ||    28
       Phial of floods   |       |       |       |       |       |     1 |       ||     1
  Use: Potion            |       |     1 |     2 |     3 |       |    13 |       ||    19
       Scroll            |       |       |     9 |     7 |    10 |    16 |     3 ||    45
 Stab: Sleeping          |       |     1 |       |       |       |     1 |       ||     2
       Distracted        |       |       |     2 |       |     1 |     3 |       ||     6
       Paralysed         |       |       |       |     6 |       |       |       ||     6
       Invisible         |       |       |       |       |       |     1 |       ||     1
Armor: Robe              |    12 |    17 |    39 |    33 |    67 |   295 |    48 ||   511
       Skin              |       |       |       |     7 |       |       |       ||     7
Dodge: Dodged            |    44 |    51 |   183 |   232 |   462 |  1523 |   479 ||  2974
       Repelled          |       |       |       |       |       |     7 |    14 ||    21

Table legend: (Time is in decaauts)
 A = Elapsed time spent in this place.
 B = Non-inter-level travel time spent in this place.
 C = Inter-level travel time spent in this place.
 D = Time resting spent in this place.
 E = Time spent auto-exploring this place.
 F = Levels seen in this place.
 G = Mean time per level.
                   A        B        C        D        E       F      G
               +--------+--------+--------+--------+--------+-----+--------+
         Total |  60878 |  57065 |   3813 |    254 |  43786 |  37 | 1645.4 |
       Dungeon |  23524 |  21672 |   1852 |      0 |  16946 |  15 | 1568.3 |
        Temple |     49 |     49 |      0 |      0 |     12 |   1 |   49.0 |
          Lair |  10558 |   9662 |    896 |      0 |   8032 |   5 | 2111.6 |
        Shoals |   7465 |   7167 |    298 |    177 |   5309 |   4 | 1866.2 |
   Spider Nest |  10537 |   9922 |    615 |     31 |   7452 |   4 | 2634.2 |
  Orcish Mines |   2745 |   2596 |    149 |     46 |   1952 |   2 | 1372.5 |
        Vaults |   3107 |   3107 |      0 |      0 |   2394 |   1 | 3107.0 |
         Abyss |    834 |    834 |      0 |      0 |    616 |   2 |  417.0 |
      Ice Cave |    964 |    964 |      0 |      0 |    631 |   1 |  964.0 |
       Volcano |    345 |    345 |      0 |      0 |     64 |   1 |  345.0 |
      Gauntlet |    745 |    745 |      0 |      0 |    374 |   1 |  745.0 |
               +--------+--------+--------+--------+--------+-----+--------+

Top non-repeatable levels by time:
Spider:4: 3319 daAuts
Vaults:1: 3107 daAuts
Spider:2: 2642 daAuts
    D:15: 2641 daAuts
Spider:3: 2600 daAuts
  Lair:2: 2557 daAuts
    D:11: 2496 daAuts
  Lair:4: 2277 daAuts
    D:10: 2225 daAuts
    D:12: 2185 daAuts
  Lair:5: 2075 daAuts
Shoals:4: 2019 daAuts
    D:14: 2003 daAuts
  Lair:3: 1977 daAuts
Spider:1: 1975 daAuts
